AoeStats
← Voglwildling

Yucatan

510285799Analyzed
2v2 RM · 22h ago on Sep 30, 2026· 21m 4s· 4 players
Game mode
Random Map
Map size
Medium (4 player)
Population
200
Speed
Normal
Resources
Standard
Victory
Conquest
Starting age
Dark Age
Ending age
Imperial Age
RankedLock teamsTeams togetherTeam positionsShared explorationLock speedFull tech treeHidden civsTurbo modeCheats
Victory
Defeat
🇩🇪 Goths · Germany
811
+14
🇩🇪 Romans · Germany
749
+17
🇨🇳 Danes · China
839
-18
🇩🇪 Goths · Germany
702
-13
Voglwildling
0:26 Loom
10:05 Feudal Age
11:29 Double-Bit Axe
11:14 Man-at-Arms
14:38 Scale Mail Armor
16:37 Forging
Malato1846
5:31 Loom
12:30 Feudal Age
12:59 Man-at-Arms
20:13 Double-Bit Axe
LazyDom
10:23 Feudal Age
12:34 Double-Bit Axe
16:59 Forging
16:49 Scale Mail Armor
16:13 Man-at-Arms
17:13 Horse Collar
20:11 Gold Mining
83716497273
Connection lost

Rejoining the realm…

Still unreachable

The connection could not be restored.

Session expired

The server has moved on; the page needs a fresh start.